 Dungeon Crawl Stone Soup version 0.31.0-32-g396128a36d (webtiles) character file.

Game seed: 12900248123520502833

8818 Peloso the Carver (level 11, -7/101 HPs)
             Began as a Minotaur Fighter on Mar 30, 2024.
             Was an Elder of Okawaru.
             Mangled by a cyan very ugly thing (14 damage)
             ... summoned by a worldbinder
             ... on level 1 of the Abyss.
             The game lasted 00:16:28 (8548 turns).

Peloso the Carver (Minotaur Fighter)                Turns: 8548, Time: 00:16:28

Health: -7/101     AC: 14    Str: 21    XL:     11   Next: 14%
Magic:  10/10      EV: 12    Int:  5    God:    Okawaru [****..]
Gold:   638        SH:  6    Dex: 14    Spells: 10/10 levels left

rFire   . . .        a - +3 scimitar (freeze)
rCold   . . .        d - +0 buckler
rNeg    . . .        E - +3 swamp dragon scales
rPois   +            (helmet restricted)
rElec   .            c - +0 cloak
rCorr   .            (no gloves)
SInv    +            (no boots)
Will    .....        l - amulet of the acrobat
Stlth   +            n - ring of see invisible
HPRegen 0.36/turn    s - ring of poison resistance
MPRegen 0.12/turn

%: acrobat
@: studying Ranged Weapons
A: horns 2, retaliatory headbutt
a: Renounce Religion, Heroism, Finesse


You were on level 1 of the Abyss.
You worshipped Okawaru.
Okawaru was greatly pleased with you.
You visited 2 branches of the dungeon, and saw 10 of its levels.
You visited the Abyss 1 time.

You collected 638 gold pieces.

Inventory:

Hand Weapons
 a - a +3 scimitar of freezing (weapon)
Armour
 b - a +0 scale mail
 c - a +0 cloak (worn)
 d - a +0 buckler (worn)
 x - a +0 plate armour
 E - +3 swamp dragon scales (worn)
Jewellery
 l - an amulet of the acrobat (around neck)
 n - a ring of see invisible (left hand)
 s - a ring of poison resistance (right hand)
Talismans
 w - a flux talisman
 F - a serpent talisman
Wands
 y - a wand of flame (33)
 z - a wand of iceblast (7)
 A - a wand of charming (29)
Scrolls
 e - 2 scrolls of immolation
 h - 2 scrolls of identify
 r - a scroll of revelation
 D - a scroll of poison
Potions
 f - a potion of degeneration {unknown}
 j - 4 potions of curing
 k - 3 potions of heal wounds
 o - 3 potions of enlightenment
 p - 2 potions of might
 q - a potion of cancellation
 C - a potion of magic


   Skills:
 + Level 10.5 Fighting
 + Level 13.7 Long Blades
 + Level 9.5 Armour
 + Level 4.6 Dodging
 + Level 0.7 Stealth
 + Level 7.4 Shields
 + Level 1.0 Invocations


You had 10 spell levels left.
You didn't know any spells.
Your spell library contained the following spells:

 Spells                   Type           Power      Damage    Failure   Level
 Freeze                   Ice            0%         1d3       67%         1
 Magic Dart               Conj           0%         1d3       67%         1
 Sandblast                Erth           0%         2d4       67%         1
 Blink                    Tloc           0%         N/A       82%         2
 Lesser Beckoning         Tloc           0%         N/A       82%         2
 Dazzling Flash           Conj/Hex       0%         N/A       96%         3
 Frozen Ramparts          Ice            0%         1d1       96%         3
 Gell's Gravitas          Tloc           0%         N/A       96%         3
 Hailstorm                Conj/Ice       0%         3d5       96%         3
 Mephitic Cloud           Conj/Alch/Air  0%         N/A       96%         3
 Passwall                 Erth           0%         N/A       96%         3
 Stone Arrow              Conj/Erth      0%         3d7       96%         3
 Teleport Other           Tloc           0%         N/A       96%         3
 Brom's Barrelling Bould  Conj/Erth      0%         2d3       100%        4
 Curse of Agony           Necr           0%         N/A       100%        5
 Silence                  Hex/Air        0%         N/A       100%        5
 Call Imp                 Summ           Unusable   N/A       N/A         2
 Summon Ice Beast         Ice/Summ       Unusable   N/A       N/A         3
 Summon Mana Viper        Hex/Summ       Unusable   N/A       N/A         5
 Monstrous Menagerie      Summ           Unusable   N/A       N/A         7

Dungeon Overview and Level Annotations

Branches:
Dungeon (9/15)             Temple (1/1) D:6
   Lair: D:8-11         Orc: D:9-12

Altars:
Ashenzari
Cheibriados
Dithmenos
Elyvilon
Fedhas
Gozag
Hepliaklqana
Kikubaaqudgha
Makhleb
Nemelex Xobeh
Okawaru
Qazlal
Ru
Sif Muna
Trog
Uskayaw
Vehumet
Wu Jian
Xom
Yredelemnul
Zin
The Shining One

Annotations:
D:4 1 runed translucent door, ripuliukko's ghost, novice GrEE
D:9 Erolcha


Innate Abilities, Weirdness & Mutations

You have a pair of horns on your head.
You reflexively headbutt those who attack you in melee.


Message History

The vault sentinel unwields a +1 long sword of draining.
The vault sentinel wields a +0 arbalest.
The vault sentinel shoots a bolt.
The bolt completely misses you.
The vault sentinel blows a loud note on a signal horn!
You hear a shout!
A large abomination comes into view.
You hit the large abomination. You freeze the large abomination.
You headbutt the large abomination, but do no damage.
The large abomination is lightly damaged.
You block the large abomination's attack.
Unknown command.
You hit the large abomination. You freeze the large abomination.
The large abomination is lightly damaged.
The large abomination hits you!!
* * * LOW HITPOINT WARNING * * *
The worldbinder calls forth creatures from the Vaults!
You hit the large abomination but do no damage.
You headbutt the large abomination!
The large abomination is moderately damaged.
You hit the large abomination. You freeze the large abomination.
You headbutt the large abomination!
The large abomination is severely damaged.
The large abomination hits you!
* * * LOW HITPOINT WARNING * * *
Electricity crackles from the ironbound thunderhulk's apparatus.
The bolt of lightning misses you.
Strange energies crackle from the ironbound thunderhulk's apparatus.
The ironbound thunderhulk blinks!
The worldbinder calls forth creatures from the Vaults!
You hit the large abomination. You freeze the large abomination.
The large abomination is severely damaged.
The large abomination hits you but does no damage.
The worldbinder hits you but does no damage.
You block the worldbinder's attack.
Unknown command.
You hit the large abomination. You freeze the large abomination.
You headbutt the large abomination, but do no damage.
The large abomination is almost destroyed.
The cyan very ugly thing tentacle-slaps you!
You die...

# #. # .##.
#.. #.. .#
#. . ..
#..### ##ยง
#. .. #. ..
. x.p.. .##
#...## # ##
.. ....#.x
..#.. ##.
#O#.#. ...
.# #
#X.##..#.##
.. .#
#@##.#...#
... ..
#ux.#..#..
#.. . .
###O#.
#.##.. .. #
....# .
##....
.#...# ##.
.. #...#..#
... # #
#.##.# ...
.. ##. ..


You could see a cyan very ugly thing (summoned), 2 ironbound thunderhulks, a
large abomination and a worldbinder.

Vanquished Creatures
  A glowing orange brain (Abyss:1)
  Pikel (D:4)
  Joseph (D:8)
  Maggie (D:7)
  Psyche (D:8)
  Grinder (D:6)
  3 raiju (Abyss:1)
  A shadow (D:8)
  A ynoxinul (Abyss:1)
  2 wyverns (D:8)
  7 yaks (D:8)
  2 fire bats (Abyss:1)
  2 steam dragons
  Menkaure (D:5)
  2 small abominations (Abyss:1)
  2 sky beasts (D:8)
  4 orc warriors
  3 ice beasts
  4 black bears
  An ogre (D:5)
  3 centaurs
  A lemure (D:4)
  A weeping skull (Abyss:1)
  2 phantoms
  A gnoll sergeant (D:9)
  4 bullfrogs
  6 scorpions
  5 wights
  A killer bee (D:8)
  4 howler monkeys
  A bombardier beetle (D:4)
  2 gnoll boudas (D:8)
  5 orc priests
  4 hounds
  2 jellies
  6 iguanas
  8 orc wizards
  15 gnolls
  3 adders
  4 white imps
  An ufetubus (D:5)
  3 dart slugs
  2 ribbon worms
  22 orcs
  3 bats
  5 endoplasms
  6 giant cockroaches
  6 goblins
  2 hobgoblins
  4 jackals (D:2)
  2 quokkas
  3 ball pythons (D:1)
  2 frilled lizards (D:1)
  9 kobolds
  3 rats
192 creatures vanquished.

Notes
Turn   | Place    | Note
-------+----------+-------------------------------------------
     0 | D:1      | Peloso the Minotaur Fighter began the quest for the Orb.
     0 | D:1      | Reached XP level 1. HP: 19/19 MP: 0/0
   239 | D:1      | Reached XP level 2. HP: 27/27 MP: 1/1
  1090 | D:2      | Reached XP level 3. HP: 30/33 MP: 2/2
  1144 | D:2      | Found a faded altar of an unknown god.
  1221 | D:2      | Reached skill level 1 in Dodging
  1869 | D:3      | Found a hide-covered altar of Uskayaw.
  1926 | D:3      | Noticed a black bear
  1935 | D:3      | Killed a black bear
  1936 | D:3      | Reached skill level 3 in Long Blades
  1936 | D:3      | Reached XP level 4. HP: 31/41 MP: 3/3
  2354 | D:3      | Reached XP level 5. HP: 47/47 MP: 4/4
  2717 | D:4      | Noticed a black bear
  2726 | D:4      | Killed a black bear
  2727 | D:4      | Reached skill level 4 in Long Blades
  2727 | D:4      | Reached skill level 5 in Armour
  2847 | D:4      | Found a stormy altar of Qazlal.
  2939 | D:4      | Noticed a phantom
  2944 | D:4      | Reached XP level 6. HP: 42/53 MP: 5/5
  3019 | D:3      | Reached skill level 5 in Fighting
  3019 | D:3      | Reached skill level 5 in Long Blades
  3066 | D:4      | Noticed an ice beast
  3094 | D:4      | Killed an ice beast
  3095 | D:4      | Reached XP level 7. HP: 61/61 MP: 6/6
  3179 | D:4      | Reached skill level 6 in Long Blades
  3502 | D:4      | Found a runed translucent door.
  3509 | D:4      | Noticed ripuliukko's ghost (novice GrEE)
  3679 | D:5      | Entered Level 5 of the Dungeon
  3679 | D:5      | Noticed Menkaure
  3685 | D:5      | Killed Menkaure
  3686 | D:5      | Reached skill level 7 in Long Blades
  3686 | D:5      | Reached skill level 5 in Shields
  3750 | D:4      | Reached XP level 8. HP: 44/69 MP: 7/7
  3900 | D:5      | Noticed Pikel
  3925 | D:5      | Reached skill level 8 in Long Blades
  3935 | D:4      | Killed Pikel
  3936 | D:4      | Reached skill level 9 in Long Blades
  4199 | D:5      | Found an ancient bone altar of Kikubaaqudgha.
  4202 | D:5      | Found a hazy altar of Hepliaklqana.
  4400 | D:5      | Reached skill level 10 in Long Blades
  4400 | D:5      | Reached XP level 9. HP: 30/77 MP: 8/8
  4756 | D:6      | Found a staircase to the Ecumenical Temple.
  4776 | Temple   | Entered the Ecumenical Temple
  4797 | Temple   | Became a worshipper of Warmaster Okawaru
  4823 | D:6      | Noticed Grinder
  4823 | D:6      | Paralysed by Grinder for 4 turns
  4830 | D:6      | Paralysed by Grinder for 2 turns
  4837 | D:6      | Killed Grinder
  5491 | D:6      | Reached * piety under Okawaru
  6131 | D:7      | Reached skill level 11 in Long Blades
  6157 | D:7      | Noticed Maggie
  6164 | D:7      | Killed Maggie
  6632 | D:8      | Noticed Psyche
  6638 | D:8      | Reached XP level 10. HP: 85/90 MP: 9/9
  6659 | D:8      | Killed Psyche
  6659 | D:8      | Reached ** piety under Okawaru
  6802 | D:8      | Reached skill level 12 in Long Blades
  6934 | D:8      | Noticed Joseph
  6946 | D:8      | Killed Joseph
  7089 | D:8      | Reached skill level 1 in Invocations
  7236 | D:8      | Reached *** piety under Okawaru
  7730 | D:8      | Reached skill level 13 in Long Blades
  8003 | D:9      | Noticed a two-headed ogre
  8297 | D:9      | Noticed Erolcha
  8302 | Abyss:1  | Cast into level 1 of the Abyss (Erolcha)
  8320 | Abyss:1  | Reached skill level 10 in Fighting
  8365 | Abyss:1  | Reached **** piety under Okawaru
  8367 | Abyss:1  | Noticed a worldbinder
  8414 | Abyss:1  | Noticed a glowing orange brain
  8417 | Abyss:1  | Noticed a smoke demon
  8420 | Abyss:1  | Killed a glowing orange brain
  8421 | Abyss:1  | Reached XP level 11. HP: 100/100 MP: 10/10
  8545 | Abyss:1  | Noticed an ironbound thunderhulk
  8545 | Abyss:1  | Noticed an ironbound thunderhulk
  8547 | Abyss:1  | Noticed a cyan very ugly thing
  8548 | Abyss:1  | Mangled by a cyan very ugly thing

Illustrated notes

Levels and vault maps discovered:
D:1:      minmay_arrival_open_corners, layout_loops_ring
D:2:      layout_basic, nicolae_ecumenical_oubliette, guppyfry_early_lair_pool
D:3:      layout_loops_corners, lemuel_tele_altar
D:4:      layout_rooms, amcnicky_altar_gilded, ebering_ghost_sewer_d
D:5:      minmay_spotlight, layout_cave_pools, jmf_multi_god_temple,
          uniq_menkaure, uniq_pikel
D:6:      lemuel_ice_spiral_2, layout_basic, minmay_temple_entry_large_hall,
          kennysheep_small_circle, uniq_grinder
D:7:      layout_loops_ring, minmay_misc_feat_enclosed,
          minmay_misc_feat_columns, uniq_maggie
D:8:      layout_basic, minmay_manual_monstrance, uniq_joseph, uniq_psyche
D:9:      minmay_gate_of_8, layout_gridville, moated_statue,
          amcnicky_mini_pool_medium, uniq_erolcha
Temple:   regret_index_temple_chain_breaker
Abyss:1:  base:
D:1

Skill      XL: |  1  2  3  4  5  6  7  8  9 10 |
---------------+-------------------------------+-----
Fighting       | 4 5 6 8 10 | 10.5
Armour         | 4 5 6 7 8 9 |  9.5
Dodging        | 2 3 4 |  4.6
Long Blades    | 3 4 5 7 10 11 13 | 13.7
Shields        | 4 5 6 7 |  7.4
Invocations    | 1 |  1.0
Stealth        | |  0.7

Action                     |  1- 3 |  4- 6 |  7- 9 | 10-12 || total
---------------------------+-------+-------+-------+-------++-------
  Melee: Long sword        |    83 |    60 |    29 |       ||   172
         Headbutt          |    12 |     9 |    47 |    44 ||   112
         Scimitar          |       |       |   200 |   193 ||   393
 Invoke: Heroism           |       |       |     1 |     1 ||     2
    Use: Potion            |     2 |       |     1 |       ||     3
         Scroll            |       |       |       |    15 ||    15
 Armour: Scale mail        |    80 |    17 |       |       ||    97
         Chain mail        |       |    38 |    22 |       ||    60
         Plate armour      |       |       |   127 |       ||   127
         Swamp dragon scal |       |       |     3 |   116 ||   119
  Dodge: Dodged            |    45 |    49 |   146 |   147 ||   387
  Block: Buckler           |    16 |    24 |    56 |    62 ||   158
